 Dungeon Crawl Stone Soup version 0.30.0-29-ga12c61a403 (webtiles) character file.

Game seed: 7680569794873082730

1098 leafyfresh the Covert (level 8, -2/67 HPs)
             Began as a Gnoll Delver on June 15, 2023.
             Splashed by a jelly's acid (7 damage)
             ... on level 5 of the Dungeon.
             The game lasted 00:16:11 (9850 turns).

leafyfresh the Covert (Gnoll Delver)                Turns: 9850, Time: 00:16:12

Health: -2/67      AC: -6    Str: 12    XL:     8   Next: 32%
Magic:  12/12      EV: 12    Int: 10    God:
Gold:   375        SH:  0    Dex: 15    Spells: 11/13 levels left

rFire   . . .        j - +2 short sword (speed)
rCold   + . .        (no shield)
rNeg    . . .        i - +0 ring mail
rPois   .            p - +0 helmet
rElec   .            h - +0 cloak
rCorr   .            y - +0 pair of gloves
SInv    .            (no boots)
Will    .....        (no amulet)
Stlth   ++++         (no ring)
HPRegen 0.31/turn    (no ring)
MPRegen 0.13/turn

%: no passive effects
@: corroded
A: fangs 1, strong nose, distributed training, cold resistance 1, evolution 1,
MP-powered wands
a: no special abilities


You were on level 5 of the Dungeon.
You visited 1 branch of the dungeon, and saw 6 of its levels.

You collected 375 gold pieces.

Inventory:

Hand Weapons
 a - a +0 short sword
 j - a +2 short sword of speed (weapon)
 k - a +2 whip of venom
 D - a +1 dagger of draining
Armour
 b - a +0 leather armour
 h - a +0 cloak (worn)
 i - a +0 ring mail (worn)
 p - a +0 helmet (worn)
 y - a +0 pair of gloves (worn)
Jewellery
 d - an amulet of faith
 u - a ring of fire
Wands
 g - a wand of digging (3)
 w - a wand of mindburst (11)
 x - a wand of flame (4)
 A - a wand of polymorph (7)
Scrolls
 c - 3 scrolls of fog
 e - a scroll of fear
 l - 4 scrolls of blinking
 m - 4 scrolls of teleportation
 q - a scroll of brand weapon
 s - a scroll of poison
 z - a scroll of immolation
Potions
 f - a potion of haste
 n - 3 potions of lignification
 o - a potion of mutation
 r - a potion of degeneration {unknown}
 t - a potion of cancellation {unknown}
 v - 2 potions of flight {unknown}
 C - a potion of ambrosia {unknown}


   Skills:
 + Level 7.4 Fighting
 + Level 5.7 Short Blades
 + Level 3.3 Long Blades
 + Level 3.3 Axes
 + Level 3.3 Maces & Flails
 + Level 3.3 Polearms
 + Level 3.3 Staves
 + Level 3.3 Ranged Weapons
 + Level 3.3 Throwing
 + Level 3.3 Armour
 + Level 5.7 Dodging
 + Level 10.1 Stealth
 + Level 3.3 Shields
 + Level 3.3 Unarmed Combat
 + Level 3.3 Spellcasting
 + Level 2.6 Conjurations
 + Level 2.6 Hexes
 + Level 2.6 Summonings
 + Level 2.6 Necromancy
 + Level 2.6 Translocations
 + Level 2.6 Transmutations
 + Level 2.6 Fire Magic
 + Level 2.6 Ice Magic
 + Level 2.6 Air Magic
 + Level 2.6 Earth Magic
 + Level 2.6 Poison Magic
 + Level 3.6 Invocations
 + Level 3.3 Evocations


You had 11 spell levels left.
You knew the following spells:

 Your Spells              Type           Power      Damage    Failure   Level
a - Passwall              Tmut/Erth      5%         N/A       28%         2

Your spell library contained the following spells:

 Spells                   Type           Power      Damage    Failure   Level
 Freeze                   Ice            28%        1d5       19%         1
 Magic Dart               Conj           28%        1d4       19%         1
 Sandblast                Erth           14%        2d6       19%         1
 Call Imp                 Summ           14%        N/A       28%         2
 Frozen Ramparts          Ice            14%        1d3       50%         3
 Hailstorm                Conj/Ice       7%         3d4       50%         3
 Mephitic Cloud           Conj/Pois/Air  7%         N/A       50%         3
 Stone Arrow              Conj/Erth      14%        3d7       50%         3


Dungeon Overview and Level Annotations

Branches:
Dungeon (6/15)
 Temple: D:4-7

Altars:
Cheibriados

Shops:
D:6 ?=[(


Innate Abilities, Weirdness & Mutations

You have very sharp teeth.
Your uncanny sense of smell can sniff out nearby items.
Your experience applies equally to all skills.
Your flesh is cold resistant. (rC+)
You have hidden genetic potential.
You expend magic power (3 MP) to strengthen your wands.


Message History

You hit the jelly.
Your hands burn!
The jelly is lightly wounded.
You hit the jelly.
Your hands burn!
The jelly is moderately wounded.
The jelly misses you.
You hit the jelly. The acid corrodes you!
Your hands burn!
You bite the jelly, but do no damage.
The jelly is heavily wounded.
You hit the jelly.
Your hands burn!
The jelly is severely wounded.
The jelly hits you.
You are splashed with acid!
You hit the jelly.
Your hands burn!
You bite the jelly, but do no damage.
The jelly is severely wounded.
You are too injured to fight recklessly!
You are too injured to fight recklessly!
You are too injured to fight recklessly!
You are too injured to fight recklessly!
You hit the jelly.
Your hands burn!
The jelly is almost dead.
You barely miss the jelly. You bite the jelly, but do no damage.
The jelly is almost dead.
The jelly closely misses you.
You hit the jelly but do no damage.
Your hands burn!
The jelly is almost dead.
You hit the jelly but do no damage.
Your hands burn!
You bite the jelly, but do no damage.
The jelly is almost dead.
The jelly hits you. The acid corrodes you!
You are splashed with acid!
* * * LOW HITPOINT WARNING * * *
You hit the jelly but do no damage.
Your hands burn!
* * * LOW HITPOINT WARNING * * *
The jelly is almost dead.
You hit the jelly but do no damage. The acid corrodes you!
Your hands burn!
* * * LOW HITPOINT WARNING * * *
You punch the jelly, but do no damage.
The jelly is almost dead.
The jelly hits you.
* * * LOW HITPOINT WARNING * * *
You are splashed with acid!
You die...

.#......#.# #.#..#..#...#
.#####..#.# #.#..#..#).>#
.....#....# #.#..#..#...#
####.####### #.#..#..#.).#
#.#.....# #.#..#..#...######
####.#.###.# #.##......).......
.....#.###.#####.##.#...##.......
###..#.#................#........
# #..#.#.#.....J@##.....#........
# #..#.#.#######.................
# #..#.#....#......#.#.##########
# ####.####.#.##.###)).....#
######....#.#.##<##)).####.###
#.........#.#.##.##)#.# #...# ##
#.####....#.#..)..#.#.####...# #.
#...........#######.#....#...# #.
######....####......######..^# #.


You could see a jelly.

Vanquished Creatures
  A water moccasin (D:4)
  An ice beast (D:5)
  An ogre (D:4)
  3 hounds
  A jelly (D:4)
  2 orc priests
  A gnoll bouda (D:5)
  A sleepcap (D:4)
  Ijyb (D:4)
  5 orc wizards
  Robin (D:2)
  12 gnolls
  13 adders
  An ufetubus (D:3)
  A dart slug (D:1)
  40 orcs
  6 ball pythons
  14 bats
  4 endoplasms
  A giant cockroach (D:3)
  13 goblins
  17 hobgoblins
  7 jackals
  6 kobolds
  4 quokkas
  5 frilled lizards
  7 rats (D:2)
169 creatures vanquished.

Notes
Turn   | Place    | Note
-------+----------+-------------------------------------------
     0 | D:5      | Reached skill level 9 in Stealth
     0 | D:5      | leafyfresh the Gnoll Delver began the quest for the Orb.
     0 | D:5      | Reached XP level 1. HP: 23/23 MP: 1/1
     6 | D:5      | Noticed an ice beast
    27 | D:6      | Found Xeirgh's Jewellery Shoppe.
    30 | D:6      | Found Hutzuask's Antique Weapon Shop.
    30 | D:6      | Found Irokkif's Armour Boutique.
    32 | D:6      | Found Wugon's Magic Scroll Shop.
    32 | D:6      | Noticed a hound
    55 | D:6      | Killed a hound
    56 | D:6      | Reached XP level 2. HP: 9/29 MP: 1/3
    56 | D:6      | Reached XP level 3. HP: 12/35 MP: 1/4
   240 | D:4      | Reached skill level 1 in Invocations
   570 | D:3      | Reached skill level 1 in Long Blades
   570 | D:3      | Reached skill level 1 in Axes
   570 | D:3      | Reached skill level 1 in Maces & Flails
   570 | D:3      | Reached skill level 1 in Polearms
   570 | D:3      | Reached skill level 1 in Staves
   570 | D:3      | Reached skill level 1 in Ranged Weapons
   570 | D:3      | Reached skill level 1 in Throwing
   570 | D:3      | Reached skill level 1 in Armour
   570 | D:3      | Reached skill level 1 in Shields
   570 | D:3      | Reached skill level 1 in Unarmed Combat
   570 | D:3      | Reached skill level 1 in Spellcasting
   570 | D:3      | Reached skill level 1 in Evocations
  1055 | D:3      | Reached XP level 4. HP: 40/41 MP: 5/5
  1292 | D:3      | Reached skill level 1 in Conjurations
  1292 | D:3      | Reached skill level 1 in Hexes
  1292 | D:3      | Reached skill level 1 in Summonings
  1292 | D:3      | Reached skill level 1 in Necromancy
  1292 | D:3      | Reached skill level 1 in Translocations
  1292 | D:3      | Reached skill level 1 in Transmutations
  1292 | D:3      | Reached skill level 1 in Fire Magic
  1292 | D:3      | Reached skill level 1 in Ice Magic
  1292 | D:3      | Reached skill level 1 in Air Magic
  1292 | D:3      | Reached skill level 1 in Earth Magic
  1292 | D:3      | Reached skill level 1 in Poison Magic
  1721 | D:3      | Reached XP level 5. HP: 44/47 MP: 5/7
  2521 | D:2      | Noticed Robin
  2633 | D:2      | Killed Robin
  3076 | D:1      | Reached XP level 6. HP: 52/53 MP: 8/8
  3599 | D:4      | Learned a level 2 spell: Passwall
  3621 | D:4      | Reached skill level 5 in Short Blades
  3621 | D:4      | Reached skill level 5 in Dodging
  4051 | D:4      | Noticed Ijyb
  5428 | D:4      | Killed Ijyb
  5602 | D:4      | Reached XP level 7. HP: 29/59 MP: 10/10
  5923 | D:4      | Found a snail-covered altar of Cheibriados.
  6026 | D:4      | HP: 1/60 [water moccasin (6)]
  6029 | D:4      | Gained mutation: Your body sometimes deteriorates upon
                  | taking damage. [potion of mutation]
  6029 | D:4      | Gained mutation: You are somewhat resistant to further
                  | mutation. [potion of mutation]
  6279 | D:3      | Lost mutation: Your body sometimes deteriorates upon taking
                  | damage. [potion of mutation]
  6279 | D:3      | Lost mutation: You are somewhat resistant to further
                  | mutation. [potion of mutation]
  6279 | D:3      | Gained mutation: You have hidden genetic potential. [potion
                  | of mutation]
  6279 | D:3      | Gained mutation: Your flesh is cold resistant. (rC+)
                  | [potion of mutation]
  6826 | D:4      | Reached skill level 10 in Stealth
  7587 | D:4      | HP: 1/60 [something (3)]
  8558 | D:5      | Reached XP level 8. HP: 51/67 MP: 12/12
  8586 | D:5      | Gained mutation: You expend magic power (3 MP) to
                  | strengthen your wands. [hidden potential]
  9850 | D:5      | Splashed by a jelly's acid

Illustrated notes

Levels and vault maps discovered:
D:1:      lightli_arrival_noodles, layout_rooms, amcnicky_mini_corridor_feature
D:2:      minmay_chambers_of_twos, layout_basic, uniq_robin
D:3:      layout_basic
D:4:      layout_loops_cross, mainiacjoe_overflow_concentric_impassable,
          hex_tiny, uniq_ijyb
D:5:      layout_basic
D:6:      layout_rooms, nicolae_wooded_promenade, kennysheep_flooded_box,
          uniq_sigmund, uniq_eustachio, uniq_crazy_yiuf_cottage

Skill      XL: |  1  2  3  4  5  6  7 |
---------------+----------------------+-----
Stealth        | 10 | 10.1
Invocations    | 1 2 3 |  3.6
Long Blades    | 1 2 3 |  3.3
Axes           | 1 2 3 |  3.3
Maces & Flails | 1 2 3 |  3.3
Polearms       | 1 2 3 |  3.3
Staves         | 1 2 3 |  3.3
Ranged Weapons | 1 2 3 |  3.3
Throwing       | 1 2 3 |  3.3
Armour         | 1 2 3 |  3.3
Shields        | 1 2 3 |  3.3
Unarmed Combat | 1 2 3 |  3.3
Spellcasting   | 1 2 3 |  3.3
Evocations     | 1 2 3 |  3.3
Conjurations   | 1 2 |  2.6
Hexes          | 1 2 |  2.6
Summonings     | 1 2 |  2.6
Necromancy     | 1 2 |  2.6
Translocations | 1 2 |  2.6
Transmutations | 1 2 |  2.6
Fire Magic     | 1 2 |  2.6
Ice Magic      | 1 2 |  2.6
Air Magic      | 1 2 |  2.6
Earth Magic    | 1 2 |  2.6
Poison Magic   | 1 2 |  2.6
Short Blades   | 5 |  5.7
Dodging        | 5 |  5.7
Fighting       | 7 |  7.4

Action                     |  1- 3 |  4- 6 |  7- 9 || total
---------------------------+-------+-------+-------++-------
  Melee: Short sword       |    90 |   592 |   339 ||  1021
         Bite              |     9 |    74 |    49 ||   132
         Punch             |     4 |    16 |    14 ||    34
  Evoke: Wand              |       |       |     1 ||     1
    Use: Scroll            |     1 |       |     7 ||     8
         Potion            |       |     1 |     5 ||     6
   Stab: Sleeping          |     3 |    20 |     1 ||    24
         Distracted        |       |       |     1 ||     1
 Armour: Leather armour    |     6 |       |       ||     6
         Ring mail         |     7 |   181 |   105 ||   293
  Dodge: Dodged            |    55 |   331 |   153 ||   539
